 Seeded DCSS version 0.30.1-11-g7821555f0a (webtiles) character file.

Game seed: 430007637681659361 (custom seed)

94685 McKennaii the Devastator (level 15, -1/99 HPs)
             Began as a Demigod Conjurer on Jan 5, 2024.
             Killed by an exploding ball lightning (13 damage)
             ... on level 2 of the Swamp on Jan 7, 2024.
             The game lasted 00:56:18 (34324 turns).

McKennaii the Devastator (Demigod Conjurer)        Turns: 34324, Time: 00:56:18

Health: -1/99      AC:  9    Str: 16    XL:     15   Next: 21%
Magic:  23/38      EV: 11    Int: 45    God:
Gold:   4927       SH:  5    Dex: 12    Spells: 20/41 levels left

rFire   + . .        O - +7 demon trident of Rotation {venom, rElec rPois Str+4 Int+2}
rCold   + . .        E - +0 buckler {rC+ rF+}
rNeg    . . .        y - +0 steam dragon scales
rPois   +            Y - +2 hat {Int+3}
rElec   +            J - +0 cloak {rPois}
rCorr   .            n - +0 pair of gloves
SInv    .            (no boots)
Will    +....        v - amulet of the acrobat
Stlth   ++           e - ring of flight
HPRegen 0.36/turn    C - +6 ring of intelligence
MPRegen 0.26/turn

%: acrobat
@: flying
A: high MP 1, forlorn, divine attributes, dopey 1
a: no special abilities


You were on level 2 of the Swamp.
You visited 4 branches of the dungeon, and saw 22 of its levels.
You also visited: Ossuary.

You collected 5011 gold pieces.
You spent 84 gold pieces at shops.

Inventory:

Hand Weapons
 O - the +7 demon trident of Rotation (weapon) {venom, rElec rPois Str+4 Int+2}
   (You acquired it on level 8 of the Dungeon)

   Str:       It affects your strength (+4).
   Int:       It affects your intelligence (+2).
   rElec:     It insulates you from electricity.
   rPois:     It protects you from poison.
Missiles
 W - a throwing net
Armour
 c - +0 acid dragon scales
 h - the +0 shadow dragon scales "Majy" {rElec Regen+ Str+3 Dex+3 Stlth++++}
   (You took it off a skeletal warrior on level 8 of the Dungeon)

   Str:       It affects your strength (+3).
   Dex:       It affects your dexterity (+3).
   rElec:     It insulates you from electricity.
   Regen:     It increases your rate of health regeneration.
   Stlth:     It makes you much more stealthy.
 n - a +0 pair of gloves (worn)
 y - +0 steam dragon scales (worn)
 E - a +0 buckler of resistance (worn)
 J - a +0 cloak of poison resistance (worn)
 Y - a +2 hat of intelligence (worn)
Jewellery
 d - a ring of ice
 e - a ring of flight (left hand)
 v - an amulet of the acrobat (around neck)
 C - a +6 ring of intelligence (right hand)
 R - a +6 ring of strength
 T - a ring of resist corrosion
Wands
 o - a wand of mindburst (10)
 p - a wand of flame (75)
 A - a wand of paralysis (26)
 N - a wand of light (6)
 P - a wand of iceblast (13)
 U - a wand of digging (3)
 Z - a wand of polymorph (4)
Scrolls
 f - 5 scrolls of brand weapon
 g - 2 scrolls of vulnerability
 m - 7 scrolls of teleportation
 r - 3 scrolls of amnesia
 s - a scroll of silence
 w - 3 scrolls of immolation
 x - 7 scrolls of blinking
 D - 2 scrolls of poison
 H - 3 scrolls of fog
 K - 3 scrolls of enchant weapon
 M - a scroll of enchant armour
 Q - 2 scrolls of magic mapping {unknown}
 V - a scroll of summoning {unknown}
Potions
 a - a potion of resistance
 b - 2 potions of magic
 i - 17 potions of curing
 j - 7 potions of ambrosia
 k - 4 potions of haste
 l - 3 potions of cancellation
 q - 3 potions of attraction
 t - 6 potions of heal wounds
 u - a potion of invisibility {unknown}
 z - 5 potions of might {unknown}
 B - 6 potions of degeneration {unknown}
 F - 6 potions of mutation {unknown}
 I - 2 potions of brilliance
 L - a potion of berserk rage {unknown}
 S - 4 potions of flight {unknown}
 X - a potion of lignification {unknown}


   Skills:
 - Level 4.0 Polearms
 - Level 1.7 Dodging
 - Level 1.7 Stealth
 - Level 4.0 Shields
 + Level 13.8 Spellcasting
 + Level 15.2 Conjurations
 + Level 14.7 Air Magic


You had 20 spell levels left.
You knew the following spells:

 Your Spells              Type           Power      Damage    Failure   Level
a - Magic Dart            Conj           100%       1d8       0%          1
b - Searing Ray           Conj           100%       2d8       0%          2
c - Iskenderun's Mystic   Conj/Tloc      79%        2d16      1%          4
d - Stone Arrow           Conj/Erth      100%       3d13      1%          3
e - Conjure Ball Lightni  Conj/Air       52%        3x3d18    1%          6
f - Freezing Cloud        Conj/Ice/Air   44%        6-21      1%          5

Your spell library contained the following spells:

 Spells                   Type           Power      Damage    Failure   Level
 Shock                    Conj/Air       100%       1d9       0%          1
 Static Discharge         Conj/Air       100%       2-7/arc   0%          2
 Swiftness                Air            100%       N/A       0%          3
 Apportation              Tloc           62%        N/A       1%          1
 Necrotise                Necr           100%       1d9       1%          1
 Sandblast                Erth           62%        2d14      1%          1
 Slow                     Hex            100%       N/A       1%          1
 Sting                    Tmut/Pois      100%       1d8       1%          1
 Summon Small Mammal      Summ           100%       N/A       1%          1
 Blink                    Tloc           62%        N/A       1%          2
 Call Imp                 Summ           62%        N/A       1%          2
 Cigotuvi's Dreadful Rot  Necr/Pois/Air  100%       N/A       1%          2
 Ensorcelled Hibernation  Hex/Ice        62%        N/A       1%          2
 Lesser Beckoning         Tloc           62%        N/A       1%          2
 Momentum Strike          Conj/Tloc      100%       3d10      1%          2
 Passwall                 Tmut/Erth      25%        N/A       1%          2
 Poisonous Vapours        Pois/Air       100%       N/A       1%          2
 Sublimation of Blood     Necr           31%        N/A       1%          2
 Dazzling Flash           Conj/Hex       100%       N/A       1%          3
 Hailstorm                Conj/Ice       79%        3d16      1%          3
 Mephitic Cloud           Conj/Pois/Air  88%        N/A       1%          3
 Flame Wave               Conj/Fire      79%        2d17      1%          4
 Fulminant Prism          Conj/Hex       39%        3d17      1%          4
 Fireball                 Conj/Fire      39%        3d16      1%          5
 Irradiate                Conj/Tmut      39%        3d24      1%          5
 Silence                  Hex/Air        39%        N/A       1%          5
 Confusing Touch          Hex            31%        N/A       3%          3
 Vampiric Draining        Necr           31%        2d8       3%          3
 Volatile Blastmotes      Fire/Tloc      62%        2d15      3%          3
 Iron Shot                Conj/Erth      39%        9d8       7%          6
 Starburst                Conj/Fire      39%        6d11      7%          6
 Animate Dead             Necr           31%        N/A       11%         4
 Dispel Undead            Necr           31%        3d14      11%         4
 Ice Form                 Ice/Tmut       31%        N/A       11%         4
 Olgreb's Toxic Radiance  Pois           31%        N/A       11%         4
 Petrify                  Tmut/Erth      31%        N/A       11%         4
 Agony                    Necr           31%        N/A       30%         5
 Alistair's Intoxication  Tmut/Pois      20%        N/A       30%         5
 Borgnjor's Vile Clutch   Necr/Erth      15%        N/A       30%         5
 Lee's Rapid Deconstruct  Erth           15%        3d10*     30%         5
 Metabolic Englaciation   Hex/Ice        15%        N/A       30%         5
 Summon Forest            Summ/Tloc      15%        N/A       30%         5
 Death Channel            Necr           15%        N/A       86%         6
 Eringya's Noxious Bog    Tmut/Pois      15%        N/A       86%         6
 Simulacrum               Ice/Necr       15%        N/A       86%         6
 Statue Form              Tmut/Erth      20%        N/A       86%         6
 Chain Lightning          Conj/Air       52%        3d70      93%         9
 Haunt                    Necr/Summ      15%        N/A       100%        7
 Summon Hydra             Summ           15%        N/A       100%        7
 Discord                  Hex            15%        N/A       100%        8
 Ignition                 Fire           15%        3d6       100%        8
 Infestation              Necr           15%        N/A       100%        8


Dungeon Overview and Level Annotations

Branches:
Dungeon (13/15)            Temple (0/1) D:4            Lair (5/5) D:8
  Swamp (2/4) Lair:3       Spider (0/4) Lair:2        Slime (0/5) Lair:5
    Orc (2/2) D:11            Elf (0/3) Orc:2       Ossuary (visited)
 Vaults: D:13-14

Shops:
D:6 !   Orc:1 (   Orc:2 =*[(:


Innate Abilities, Weirdness & Mutations

You have an increased reservoir of magic. (+10% MP)
You shall have no god before yourself.
Your divine heritage dramatically boosts your attributes as you level up.
You are dopey. (Int -2)


Message History

The blast of lightning engulfs the alligator!
You kill the alligator!
The blast of lightning engulfs you! You resist.
The blast of lightning engulfs your ball lightning.
Your ball lightning completely resists.
An alligator comes into view.
Your ball lightning explodes!
The blast of lightning engulfs you! You resist.
The blast of lightning engulfs the four-headed hydra!!
The four-headed hydra is almost dead.
The blast of lightning engulfs your ball lightning.
Your ball lightning completely resists.
The blast of lightning engulfs the alligator!!
You kill the alligator!
A bloated husk comes into view.
Your ball lightning explodes!
The blast of lightning engulfs you. You resist.
The blast of lightning engulfs the four-headed hydra!!
You kill the four-headed hydra!
Unknown command.
Unknown command.
Casting: Conjure Ball Lightning (dangerous; 1% risk of failure)
Confirm with . or Enter, or press ? or * to list all spells.
You create some ball lightning! 3 ball lightnings come into view.
Unknown command.
Unknown command.
The bloated husk explodes!
The blast of putrescent gases engulfs your ball lightning!!! x2
The blast of putrescent gases engulfs you!!
The blast of putrescent gases engulfs your ball lightning!!!
Your ball lightning explodes!
The blast of lightning engulfs you! You resist.
* * * LOW HITPOINT WARNING * * *
Your ball lightning explodes!
The blast of lightning engulfs you! You resist.
* * * LOW HITPOINT WARNING * * *
Your ball lightning explodes!
The blast of lightning engulfs you! You resist.
You die...

~ . ~♣
§♣ ♣†♣
♣♣~~♣♣
♣†~.~♣♣
♣@.§~.♣
♣.♣♣~~.♣
♣>♣ ~~.♣
♣~ ~♣♣ .
♣ .. .~
..~


There were no monsters in sight!

Vanquished Creatures
  Jorgrun (Orc:1)
  Gastronok (Lair:2)
  Kirke (Lair:4)
  A fenstrider witch (Swamp:1)
  An orc warlord (Orc:2)
  2 eleionomae (Swamp:1)
  A bunyip (Swamp:1)
  Snorg (Orc:1)
  A fire dragon (Lair:5)
  Josephine (Orc:2)
  A shambling mangrove (Swamp:1)
  Fannar (Orc:1)
  9 hydras
  2 ghost crabs (Lair:3)
  A centaur warrior (D:8)
  18 death yaks
  3 alligators
  3 boulder beetles
  3 two-headed ogres
  3 orc high priests (Orc:2)
  Urug (Orc:1)
  A skyshark (Lair:5)
  Sonja (Lair:1)
  A skeletal warrior (D:8)
  A spectral death yak (Lair:3)
  5 lindwurms
  A swamp dragon (Lair:5)
  2 bog bodies (Swamp:1)
  A spectral hydra (Lair:3)
  4 orc knights (Orc:2)
  A deep elf pyromancer (D:9)
  A wolf spider (Lair:5)
  3 ugly things
  A necromancer (Lair:3)
  5 orc sorcerers
  A spectral boulder beetle (Lair:3)
  A will-o-the-wisp (Swamp:1)
  8 black mambas
  Maurice (D:12)
  4 elephants (Lair:5)
  A guardian serpent (Lair:5)
  3 gargoyles
  13 cane toads
  3 kobold demonologists
  A torpor snail (Lair:2)
  5 komodo dragons
  4 rime drakes
  A spectral skyshark (Lair:3)
  5 trolls
  A polar bear (Lair:4)
  4 tyrant leeches (Swamp:1)
  11 hornets
  11 blink frogs
  A spectral elephant (Lair:3)
  Prince Ribbit (D:7)
  A spectral dream sheep (Lair:3)
  10 dream sheep
  A slime creature (D:8)
  A spectral black mamba (Lair:3)
  6 spriggans (Swamp:1)
  3 wraiths (Orc:2)
  A culicivora (Lair:2)
  4 shadows
  3 hogs (Lair:4)
  31 yaks
  A human (Lair:4)
  10 wyverns
  5 steam dragons
  8 vampire mosquitoes
  A basilisk (Lair:5)
  2 redbacks (Lair:5)
  Menkaure (D:6)
  2 swamp worms (Swamp:1)
  6 acid dragons
  21 water moccasins
  Duvessa (D:4)
  A swamp drake (Lair:5)
  An ice beast (D:7)
  2 hornet zombies (Ossuary)
  4 sky beasts
  8 ogres
  25 orc warriors
  4 centaurs
  A spectral basilisk (Lair:3)
  3 kobold brigands
  Blork the orc (D:6)
  10 bullfrogs
  A gnoll sergeant (Orc:2)
  A scorpion (Lair:1)
  A water moccasin zombie (Ossuary)
  14 wights
  Dowan (D:4)
  5 jellies
  3 electric eels
  5 howler monkeys
  3 centaur zombies (Ossuary)
  7 bullfrog zombies (Ossuary)
  20 orc priests
  4 hounds
  Crazy Yiuf (D:5)
  2 gnoll boudas
  13 mummies (Ossuary)
  Terence (D:2)
  8 iguanas
  3 sleepcaps
  25 orc wizards
  3 polar bear simulacra (Lair:3)
  3 killer bee zombies (Ossuary)
  A yak simulacrum (Lair:3)
  4 wolf simulacra (Lair:3)
  A howler monkey zombie (Ossuary)
  Robin (D:4)
  17 gnolls
  8 adders
  2 white imps
  An ufetubus (D:5)
  3 worms
  4 dart slugs
  79 orcs
  10 endoplasms
  8 giant cockroaches
  15 goblins
  13 hobgoblins
  5 jackals
  5 quokkas
  12 ball pythons
  10 bats
  A frilled lizard (D:1)
  18 kobolds
  5 rats
  3 river rat simulacra (Lair:3)
693 creatures vanquished.

Vanquished Creatures (collateral kills)
  11 ball lightnings
11 creatures vanquished.

Vanquished Creatures (others)
  A bloated husk (Swamp:2)
  A human (Lair:4)
  298 ball lightnings
  4 foxfires (Swamp:1)
304 creatures vanquished.

Grand Total: 1008 creatures vanquished

Notes
Turn   | Place    | Note
-------+----------+-------------------------------------------
     0 | D:1      | McKennaii the Demigod Conjurer began the quest for the Orb.
     0 | D:1      | Reached XP level 1. HP: 14/14 MP: 5/5
   302 | D:1      | Reached XP level 2. HP: 13/20 MP: 0/7
   305 | D:1      | Learned a level 2 spell: Searing Ray
   548 | D:1      | Reached skill level 4 in Conjurations
  1141 | D:2      | Noticed Terence
  1145 | D:2      | Reached XP level 3. HP: 26/26 MP: 5/9
  1845 | D:2      | Killed Terence
  1846 | D:2      | Reached XP level 4. HP: 33/33 MP: 1/11
  2017 | D:3      | Learned a level 4 spell: Iskenderun's Mystic Blast
  2388 | D:3      | Reached XP level 5. HP: 38/38 MP: 2/13
  2399 | D:3      | Learned a level 3 spell: Stone Arrow
  2525 | D:3      | Reached skill level 5 in Conjurations
  3616 | D:4      | Found a staircase to the Ecumenical Temple.
  4061 | D:4      | Reached XP level 6. HP: 13/45 MP: 1/15
  4293 | D:4      | Got the Tome of Luminous Command
  4350 | D:4      | Noticed Robin
  4353 | D:4      | Killed Robin
  4611 | D:4      | Noticed Duvessa
  4646 | D:4      | Killed Duvessa
  4661 | D:4      | Noticed Dowan
  4897 | D:4      | Reached skill level 6 in Conjurations
  4998 | D:4      | Killed Dowan
  5265 | D:5      | Entered Level 5 of the Dungeon
  5443 | D:5      | Reached XP level 7. HP: 50/50 MP: 11/17
  5602 | D:5      | Reached skill level 5 in Spellcasting
  5731 | D:5      | Noticed a steam dragon
  5736 | D:5      | Killed a steam dragon
  5828 | D:5      | Reached skill level 7 in Conjurations
  5860 | D:5      | Noticed a shadow
  5899 | D:5      | Found a runed translucent door.
  5900 | D:5      | Noticed Crazy Yiuf
  5969 | D:5      | Killed a shadow
  5970 | D:5      | Reached XP level 8. HP: 57/57 MP: 0/20
  6604 | D:5      | Killed Crazy Yiuf
  6827 | D:6      | Found Ybrut's Distillery.
  6830 | D:6      | Reached skill level 1 in Shields
  7142 | D:6      | Reached skill level 8 in Conjurations
  7242 | D:6      | Noticed Blork the orc
  7244 | D:6      | Killed Blork the orc
  7745 | D:6      | Identified 4 scrolls of acquirement
  7749 | D:6      | Noticed Menkaure
  7751 | D:6      | Killed Menkaure
  7752 | D:6      | Reached XP level 9. HP: 62/62 MP: 16/23
  8269 | D:7      | Noticed Prince Ribbit
  8273 | D:7      | Killed Prince Ribbit
  8374 | D:7      | Reached skill level 9 in Conjurations
  9170 | D:8      | Found a sand-covered staircase.
  9175 | Ossuary  | Entered an ossuary
 10007 | Ossuary  | Reached skill level 10 in Conjurations
 10057 | Ossuary  | Reached XP level 10. HP: 68/69 MP: 14/27
 10250 | D:8      | Acquired the +7 demon trident of Rotation {venom, rElec
                  | rPois Str+4 Int+2}
 10260 | D:8      | Acquired 923 gold pieces
 10261 | D:8      | Acquired 1372 gold pieces
 10263 | D:8      | Acquired Ereshkigal's Octavo of the Fifth Circle
 10264 | D:8      | Acquired 687 gold pieces
 10265 | D:8      | Acquired the Unrestrained Analects
 10641 | D:8      | Reached skill level 1 in Polearms
 10669 | D:8      | Learned a level 5 spell: Freezing Cloud
 10764 | D:8      | Noticed a death yak
 10764 | D:8      | Noticed a death yak
 10765 | D:8      | Noticed a death yak
 10782 | D:8      | Killed a death yak
 10783 | D:8      | Reached skill level 1 in Air Magic
 10784 | D:8      | Killed a death yak
 10798 | D:8      | Noticed a death yak
 10892 | D:8      | Noticed a death yak
 10938 | D:8      | HP: 2/69 [death yak (5)]
 10940 | D:8      | Killed a death yak
 11612 | D:8      | Noticed a centaur warrior
 11613 | D:8      | Noticed a cyan ugly thing
 11619 | D:8      | Killed a centaur warrior
 11620 | D:8      | Reached skill level 11 in Conjurations
 11621 | D:8      | Identified the +0 shadow dragon scales "Majy" {rElec Regen+
                  | Str+3 Dex+3 Stlth++++}
 11621 | D:8      | Noticed a skeletal warrior
 11856 | D:8      | Found a staircase to the Lair.
 12040 | D:8      | Killed a death yak
 12041 | D:8      | Reached XP level 11. HP: 74/74 MP: 9/29
 12141 | D:8      | Killed a death yak
 12774 | D:8      | Reached skill level 10 in Spellcasting
 13229 | D:8      | Killed a skeletal warrior
 13230 | D:8      | Reached skill level 5 in Air Magic
 13488 | D:8      | Got the Incunable of the Coarse Evil Eye
 13506 | D:8      | Got the Almanac of Doom and the Volley
 15317 | D:10     | Entered Level 10 of the Dungeon
 15412 | D:10     | Noticed a two-headed ogre
 15418 | D:10     | Killed a two-headed ogre
 15591 | D:9      | Noticed a two-headed ogre
 15600 | D:9      | Killed a two-headed ogre
 15603 | D:9      | Noticed a two-headed ogre
 15720 | D:9      | Killed a two-headed ogre
 15720 | D:9      | Noticed a deep elf pyromancer
 16089 | D:9      | Killed a deep elf pyromancer
 16126 | D:9      | Identified the +0 long sword of Nab Jim {flame, Str+2
                  | Int+3}
 16712 | D:11     | Reached skill level 12 in Conjurations
 16721 | D:11     | Reached XP level 12. HP: 76/81 MP: 5/31
 16920 | D:11     | Noticed a boulder beetle
 16983 | D:11     | Found a staircase to the Orcish Mines.
 17038 | D:11     | Killed a boulder beetle
 17596 | D:11     | Identified the +5 great mace "Spiderslayer" {venom, rPois
                  | Str+2}
 18163 | D:12     | Noticed Maurice
 18169 | D:12     | Killed Maurice
 18849 | D:13     | Noticed a centaur warrior
 18965 | Lair:1   | Entered Level 1 of the Lair of Beasts
 19338 | Lair:1   | Noticed Sonja
 19342 | Lair:1   | Killed Sonja
 19408 | Lair:1   | Learned a level 6 spell: Conjure Ball Lightning
 20075 | Lair:2   | Noticed an eight-headed hydra
 20078 | Lair:2   | Killed an eight-headed hydra
 20439 | Lair:2   | Noticed Gastronok
 20450 | Lair:2   | Killed Gastronok
 20667 | Lair:2   | Reached skill level 10 in Air Magic
 21032 | Lair:2   | Found a hole to the Spider Nest.
 21516 | Lair:3   | Identified the +1 leather armour "Fuodghelu" {Rampage Str-5
                  | Dex+7}
 21707 | Lair:3   | Reached XP level 13. HP: 86/86 MP: 26/33
 21979 | Lair:3   | Identified the +8 rapier of the Riding Pariah {flame,
                  | Fragile Str+5 Dex+2}
 22147 | Lair:3   | Reached skill level 13 in Conjurations
 22823 | Lair:3   | Found a staircase to the Swamp.
 23728 | Lair:4   | Noticed Kirke
 23731 | Lair:4   | Killed Kirke
 24961 | Lair:5   | Entered Level 5 of the Lair of Beasts
 25943 | Lair:5   | Identified the -1 kite shield of Geyro {rC+}
 26242 | Lair:5   | Reached XP level 14. HP: 84/93 MP: 20/35
 26746 | Lair:5   | Reached skill level 14 in Conjurations
 27818 | Lair:5   | Found a staircase to the Slime Pits.
 28371 | Lair:5   | Identified the +0 leather armour of Tuem {Dex+7}
 28800 | Orc:1    | Entered Level 1 of the Orcish Mines
 28921 | Orc:2    | Entered Level 2 of the Orcish Mines
 29108 | Orc:2    | Noticed an orc warlord
 29114 | Orc:2    | Killed an orc warlord
 29366 | Orc:2    | Found Iguimm's Vocational Training.
 29869 | Orc:2    | Gained mutation: You are dopey. (Int -2) [a neqoxec]
 30281 | Orc:2    | Noticed Josephine
 30285 | Orc:2    | Killed Josephine
 30606 | Orc:2    | Found a staircase to the Elven Halls.
 30639 | Orc:2    | Found Ecuawij's General Store.
 30640 | Orc:2    | Found Medav's Jewellery Shop.
 30642 | Orc:2    | Found Cevits's Antique Armour Shop.
 30642 | Orc:2    | Found Voruwn's Antique Weapon Boutique.
 30657 | Orc:2    | Bought a potion of curing for 42 gold pieces
 30657 | Orc:2    | Bought a potion of curing for 42 gold pieces
 31099 | Orc:1    | Noticed Jorgrun
 31194 | Orc:1    | Noticed Urug
 31481 | Orc:1    | Killed Urug
 31497 | Orc:1    | Killed Jorgrun
 31704 | Orc:1    | Noticed Fannar
 31843 | Orc:1    | Noticed Snorg
 31848 | Orc:1    | Killed Snorg
 32054 | Orc:1    | Killed Fannar
 32171 | Orc:1    | Found Umeijir's Weapon Emporium.
 32697 | Swamp:1  | Entered Level 1 of the Swamp
 32711 | Swamp:1  | Noticed a fenstrider witch
 32884 | Swamp:1  | Killed a fenstrider witch
 33181 | Swamp:1  | Reached XP level 15. HP: 70/99 MP: 22/37
 33222 | Swamp:1  | Reached skill level 15 in Conjurations
 34324 | Swamp:2  | Killed by an exploding ball lightning

Illustrated notes

Levels and vault maps discovered:
D:1:      wander_arrival_chamber, layout_basic, kennysheep_boxes
D:2:      layout_rooms, dilly_ecumenical_altar_fadedgnrine, basic_altar,
          uniq_terence
D:3:      layout_basic, mainiacjoe_overflow_swirl, jmf_multi_god_temple,
          minmay_puff
D:4:      layout_loops_corners, minmay_temple_entry_junction_2,
          minmay_joined_circles, uniq_robin, uniq_duvessa
D:5:      layout_layer_cave, uniq_crazy_yiuf_cottage
D:6:      layout_rooms, mainiacjoe_overflow_catwalk, serial_shops,
          nicolae_shop_statue_plus, serial_park_tiny_1, uniq_blork_the_orc,
          uniq_menkaure
D:7:      layout_loops_cross, mainiacjoe_overflow_surrounded_room,
          mainiacjoe_overflow_alcove_4, uniq_prince_ribbit1
D:8:      minmay_the_grid_triangle_9x9_rhombus_full
          [minmay_the_grid_triangle_9x9_zippers_horizontal,
          minmay_the_grid_triangle_9x9_descending_squares,
          minmay_the_grid_triangle_9x9_wacky_v,
          minmay_the_grid_triangle_9x9_corruption,
          minmay_the_grid_triangle_9x9_negative_grid,
          minmay_the_grid_triangle_9x9_zippers_vertical,
          minmay_the_grid_triangle_9x9_limited_checkers,
          minmay_the_grid_triangle_9x9_prize_insulated], layout_loops_corners,
          dpeg_lair_monsters, enter_ossuary_2
D:9:      cheibrodos_elevator_heist, layout_basic
D:10:     layout_roguey, mainiacjoe_overflow_alcove_1,
          mainiacjoe_overflow_24_doors, dreamdust_gnoll_shepherd
D:11:     layout_long_grid, orc_david_3
D:12:     layout_irregular_city, uniq_maurice
D:13:     layout_long_grid, erik_vaults_2
Lair:1:   layout_regular_city, serial_bayou_shore_a, grunt_megastairs_3,
          lemuel_fruit_tree, uniq_sonja
Lair:2:   layout_layer_cave, spider_nest_entry_rubble, minmay_lindwurm_lava,
          uniq_gastronok
Lair:3:   layout_cave_pods, nicolae_swamp_entry_spooky, fungi_pond_lemuel,
          eino_house_with_fridge
Lair:4:   layout_cave_pods, grunt_forest_stairs_basic,
          nicolae_quartered_pool_medium, uniq_kirke
Lair:5:   hangedman_lair_tendril_chambers, layout_gridlike,
          guppyfry_lair_end_dragon, nicolae_slime_entry_slimehenge,
          serial_bayou_lagoon_b
Swamp:1:  layout_basic_swamp, lemuel_altar_in_water
Swamp:2:  layout_falls_marsh, nicolae_swamp_rocky_clearing
Orc:1:    layout_diamond_mine, serial_shops, shop, minmay_orc_keep, uniq_snorg,
          uniq_jorgrun, uniq_fannar, uniq_urug
Orc:2:    st_orc_congregation, layout_caves, nicolae_shop_vocational,
          uniq_josephine

Skill      XL: |  1  2  3  4  5  6  7  8  9 10 11 12 13 14 15 |
---------------+----------------------------------------------+-----
Spellcasting   | 2 3 4 6 7 8 9 10 11 12 13 | 13.8
Conjurations   | 4 5 6 7 8 10 11 12 13 14 15 | 15.2
Shields        | 3 4 |  4.0
Polearms       | 3 4 |  4.0
Air Magic      | 3 7 10 12 14 | 14.7
Dodging        | |  1.7
Stealth        | |  1.7

Action                     |  1- 3 |  4- 6 |  7- 9 | 10-12 | 13-15 || total
---------------------------+-------+-------+-------+-------+-------++-------
  Melee: Unarmed           |     2 |       |       |       |       ||     2
         War axe           |     3 |    14 |       |       |       ||    17
         Dagger            |       |     5 |       |       |       ||     5
         Short sword       |       |     1 |    63 |       |       ||    64
         Punch             |       |     1 |       |       |       ||     1
         Demon trident     |       |       |       |    56 |    33 ||    89
   Cast: Magic Dart        |    76 |   140 |       |       |       ||   216
         Searing Ray       |     3 |    22 |     9 |    10 |     3 ||    47
         Stone Arrow       |       |       |   143 |   223 |   253 ||   619
         Iskenderun's Myst |       |       |     3 |    42 |    52 ||    97
         Freezing Cloud    |       |       |       |     4 |    15 ||    19
         Conjure Ball Ligh |       |       |       |    19 |   107 ||   126
  Evoke: Wand              |       |     2 |       |       |     5 ||     7
    Use: Scroll            |       |       |    11 |    16 |     5 ||    32
         Potion            |       |       |     2 |       |       ||     2
   Stab: Sleeping          |       |       |       |     1 |       ||     1
 Armour: Robe              |     4 |     6 |    49 |    31 |    15 ||   105
         Steam dragon scal |       |       |       |       |    45 ||    45
  Dodge: Dodged            |    15 |    43 |    77 |   118 |    74 ||   327
  Block: Buckler           |       |       |    28 |    32 |    31 ||    91
